 Dungeon Crawl Stone Soup version 0.30-a0-372-g0ce2686038 (webtiles) character file.

Game seed: 3352577857863878264

836 Bnni the Poker (level 8, -9/64 HPs)
             Began as a Formicid Fighter on Nov 23, 2022.
             Mangled by a two-headed ogre
             ... wielding a +0 giant club
              (18 damage)
             ... on level 5 of the Dungeon.
             The game lasted 00:07:08 (4012 turns).

Bnni the Poker (Formicid Fighter)                   Turns: 4012, Time: 00:07:09

Health: -9/64      AC: 13    Str: 23    XL:     8   Next: 19%
Magic:  8/8        EV:  6    Int:  8    God:
Gold:   188        SH:  5    Dex: 13    Spells: 7/7 levels left

rFire   . . .      SeeInvis +    a - +1 trident
rCold   . . .      Faith    .    c - +0 buckler
rNeg    . . .      Spirit   .    y - +0 plate armour
rPois   .          Reflect  .    (helmet unavailable)
rElec   .          Harm     .    i - +0 cloak
rCorr   .          Rampage  .    x - +0 pair of gloves
Will    .....                    (no boots)
Stlth   ..........               C - amulet of regeneration
HPRegen 1.10/turn                (no ring)
MPRegen 0.11/turn                (no ring)

@: invisible
A: permanent stasis, dig shafts and tunnels, antennae 3, four strong arms
a: Dig, Shaft Self


You were on level 5 of the Dungeon.
You visited 1 branch of the dungeon, and saw 5 of its levels.
You also visited: Ossuary.

You collected 188 gold pieces.

Inventory:

Hand Weapons
 a - a +1 trident (weapon)
Missiles
 n - 6 javelins
Armour
 c - a +0 buckler (worn)
 i - a +0 cloak (worn)
 x - a +0 pair of gloves (worn)
 y - a +0 plate armour (worn)
Jewellery
 b - an amulet of faith
 C - an amulet of regeneration (around neck)
Wands
 p - a wand of polymorph (13)
 F - a wand of charming (11)
Scrolls
 f - 2 scrolls of amnesia {unknown}
 j - 2 scrolls of blinking {unknown}
 l - 2 scrolls of poison {unknown}
 m - a scroll of enchant armour {unknown}
 o - a scroll of fog
 q - 3 scrolls of teleportation {unknown}
 v - 2 scrolls of enchant weapon
 A - a scroll of noise {unknown}
Potions
 d - 2 potions of might
 e - a potion of attraction
 g - 7 potions of curing {unknown}
 h - a potion of flight
 k - 2 potions of ambrosia
 r - a potion of heal wounds
 s - a potion of degeneration {unknown}
 u - 2 potions of brilliance
 w - 2 potions of cancellation
 z - 2 potions of resistance
 B - 2 potions of berserk rage
 D - 2 potions of invisibility
 E - a potion of lignification {unknown}


   Skills:
 + Level 6.2 Fighting
 * Level 7.1 Polearms
 - Level 3.2 Armour
 - Level 5.0 Shields


You had 7 spell levels left.
You didn't know any spells.
Your spell library contained the following spells:

 Spells                   Type           Power      Damage    Failure   Level
 Apportation              Tloc           0%         N/A       100%        1
 Beastly Appendage        Tmut           0%         N/A       100%        1
 Freeze                   Ice            0%         1d3       100%        1
 Necrotise                Necr           0%         1d4       100%        1
 Summon Small Mammal      Summ           0%         N/A       100%        1
 Wereblood                Tmut           0%         N/A       100%        2
 Frozen Ramparts          Ice            0%         1d1       100%        3
 Hailstorm                Conj/Ice       0%         3d3       100%        3
 Ignite Poison            Fire/Tmut/Pois 0%         N/A       100%        3
 Spider Form              Tmut/Pois      0%         N/A       100%        3
 Sticky Flame             Conj/Fire      0%         2d3       100%        4
 Yara's Violent Unravell  Hex/Tmut       0%         3d3       100%        5
 Dragon Form              Tmut           0%         N/A       100%        7
 Ignition                 Fire           0%         3d3       100%        8


Dungeon Overview and Level Annotations

Branches:
Dungeon (5/15)            Ossuary (visited)
 Temple: D:4-7

Altars:
Zin

Shops:
D:1 *[*==


Innate Abilities, Weirdness & Mutations

You cannot be hasted, slowed, berserked, paralysed or teleported.
You can dig through walls and to a lower floor.
You have a pair of large antennae on your head. (SInv)
Your four strong arms can wield two-handed weapons with a shield.


Message History

You reach to attack!
You closely miss the adder.
The adder is heavily wounded.
The adder hisses angrily.
You miss the adder.
The adder is heavily wounded.
The adder hisses angrily.
You block the adder's attack. The adder bites you but does no damage.
You puncture the adder!
You kill the adder!
The two-headed ogre looks more healthy.
The rat bites you.
You puncture the two-headed ogre!
The two-headed ogre is moderately wounded.
The two-headed ogre closely misses you. x2
You puncture the two-headed ogre!
The two-headed ogre is heavily wounded.
The rat bites you but does no damage.
The two-headed ogre hits you with a +0 giant club.
The two-headed ogre hits you with a +0 giant club!
You strike the helpless two-headed ogre from behind!
You puncture the two-headed ogre!
The two-headed ogre is severely wounded.
The rat bites you but does no damage. x2
You puncture the two-headed ogre!
The two-headed ogre is severely wounded.
The two-headed ogre hits you with a +0 giant club!
You block the two-headed ogre's attack. The rat barely misses you.
You hit the two-headed ogre.
The two-headed ogre is almost dead.
You block the rat's attack.
You catch the helpless two-headed ogre completely off-guard!
You hit the two-headed ogre.
The two-headed ogre is almost dead.
The two-headed ogre hits you with a +0 giant club!!
The two-headed ogre hits you with a +0 giant club!
* * * LOW HITPOINT WARNING * * *
The rat barely misses you. x2
You hit the two-headed ogre.
The two-headed ogre is almost dead.
The two-headed ogre hits you with a +0 giant club!!
You die...

#........# ####........#
...'........#
####........# ##
#...........# .#
#.#.........# .# #
#'#)........# .# ...
...#........#####r#(....
.....<..........@OB.....
.............####r#.#.#.
###..........# ...
###.........## .###
....#.####..# ..
#####.####.## ##
#####>.....#
......##.### ...##.# #


You could see a two-headed ogre (unable to see you), a giant cockroach
(wandering, unable to see you) and 2 rats.

Vanquished Creatures
  A wraith (Ossuary)
  A water moccasin (D:5)
  A black bear (D:4)
  2 ogres
  An elf zombie (Ossuary)
  A scorpion (D:4)
  An iguana (D:5)
  Terence (D:2)
  3 mummies (Ossuary)
  2 adders
  4 worms
  2 dart slugs (D:1)
  4 orcs
  3 bats
  7 endoplasms
  A giant cockroach (D:2)
  10 goblins
  5 hobgoblins
  10 jackals (D:1)
  3 kobolds
  2 quokkas
  4 ball pythons
  3 frilled lizards (D:2)
  2 gnoll zombies (Ossuary)
  3 hobgoblin zombies (Ossuary)
  3 kobold zombies (Ossuary)
  An orc zombie (Ossuary)
  3 rats
84 creatures vanquished.

Vanquished Creatures (others)
  A plant (D:2)
1 creature vanquished.

Grand Total: 85 creatures vanquished

Notes
Turn   | Place    | Note
-------+----------+-------------------------------------------
     0 | D:1      | Bnni the Formicid Fighter began the quest for the Orb.
     0 | D:1      | Reached XP level 1. HP: 18/18 MP: 1/1
    19 | D:1      | Found Kikigh's Jewellery Shop.
    44 | D:1      | Reached XP level 2. HP: 21/24 MP: 2/2
    84 | D:1      | Found Irghenoc's Jewellery Emporium.
   110 | D:1      | Found Hapoull's Assorted Antiques.
   166 | D:1      | Found Cijuol's Antique Armour Shoppe.
   185 | D:1      | Found Nidugae's General Store.
   255 | D:1      | Reached XP level 3. HP: 29/29 MP: 3/3
   728 | D:2      | Found a glowing silver altar of Zin.
   941 | D:2      | Reached skill level 5 in Shields
   941 | D:2      | Reached XP level 4. HP: 37/37 MP: 4/4
  1040 | D:2      | Reached skill level 3 in Polearms
  1047 | D:2      | Noticed Terence
  1056 | D:2      | Killed Terence
  1120 | D:2      | Found a faded altar of an unknown god.
  1280 | D:3      | Reached XP level 5. HP: 33/41 MP: 5/5
  1646 | D:3      | Got Sif Muna's Quarto of the Mutable Tesseract
  1932 | D:3      | You fall into a shaft and drop 1 floor!
  1991 | D:4      | Noticed an ogre
  2003 | D:4      | Killed an ogre
  2004 | D:4      | Reached skill level 4 in Polearms
  2175 | D:4      | Noticed a black bear
  2184 | D:4      | Killed a black bear
  2185 | D:4      | Reached skill level 5 in Polearms
  2185 | D:4      | Reached XP level 6. HP: 45/50 MP: 6/6
  2215 | D:4      | Identified the +6 dagger "Dafarch" {distort, +Blink rN+
                  | MP+9}
  2385 | D:4      | Reached skill level 5 in Fighting
  2508 | D:4      | Found a sand-covered staircase.
  2513 | Ossuary  | Entered an ossuary
  2513 | Ossuary  | Noticed a wraith
  2513 | Ossuary  | Noticed a wraith
  2513 | Ossuary  | Noticed a wraith
  2583 | Ossuary  | Reached XP level 7. HP: 53/56 MP: 7/7
  2755 | Ossuary  | Noticed a wraith
  2779 | Ossuary  | Killed a wraith
  2780 | Ossuary  | Reached skill level 6 in Polearms
  3815 | D:5      | Entered Level 5 of the Dungeon
  3868 | D:5      | Noticed a water moccasin
  3877 | D:5      | Killed a water moccasin
  3878 | D:5      | Reached XP level 8. HP: 52/64 MP: 8/8
  3961 | D:5      | Reached skill level 7 in Polearms
  3995 | D:5      | Noticed a two-headed ogre
  4012 | D:5      | Mangled by a two-headed ogre

Illustrated notes

Levels and vault maps discovered:
D:1:      lemuel_arrival_room, layout_loops_ring, serial_shops, shop,
          nicolae_shop_advertising_works [nicolae_subvault_shop_adworks], shop,
          nicolae_shop_behind_doors,
          nicolae_shop_temple_entry_statues_fountains, minmay_misc_feat_five
D:2:      layout_rooms, basic_ecumenical_altar, basic_altar,
          minmay_misc_feat_encased, serial_bayou_pond_b, hex_tiny, uniq_terence
D:3:      layout_loops_ring
D:4:      layout_basic, nicolae_ossuary_entry_ruins
D:5:      layout_basic, portal_sewer_entry_a

Skill      XL: |  1  2  3  4  5  6  7  8 |
---------------+-------------------------+-----
Shields        | 5 |  5.0
Polearms       | 3 5 6 7 |  7.1
Fighting       | 4 5 6 |  6.2
Armour         | |  3.2

Action                   |  1- 3 |  4- 6 |  7- 9 || total
-------------------------+-------+-------+-------++-------
Melee: Trident           |    96 |   144 |    88 ||   328
Throw: Dart              |       |     4 |     2 ||     6
  Use: Scroll            |       |       |    11 ||    11
       Potion            |       |       |     2 ||     2
 Stab: Invisible         |       |       |     3 ||     3
Armor: Scale mail        |    28 |    34 |       ||    62
       Plate armour      |       |    38 |    21 ||    59
Dodge: Dodged            |    37 |    35 |    16 ||    88
Block: Buckler           |    19 |    27 |    10 ||    56

Table legend: (Time is in decaauts)
 A = Elapsed time spent in this place.
 B = Non-inter-level travel time spent in this place.
 C = Inter-level travel time spent in this place.
 D = Time resting spent in this place.
 E = Time spent auto-exploring this place.
 F = Levels seen in this place.
 G = Mean time per level.
                   A        B        C        D        E       F      G
               +--------+--------+--------+--------+--------+-----+--------+
         Total |   4056 |   3633 |    423 |     92 |   2685 |   6 |  676.0 |
       Dungeon |   3461 |   3038 |    423 |      6 |   2343 |   5 |  692.2 |
       Ossuary |    595 |    595 |      0 |     86 |    342 |   1 |  595.0 |
               +--------+--------+--------+--------+--------+-----+--------+

Top non-repeatable levels by time:
     D:4: 1057 daAuts
     D:3: 919 daAuts
     D:1: 695 daAuts
 Ossuary: 595 daAuts
     D:2: 592 daAuts
     D:5: 197 daAuts
